 Dungeon Crawl Stone Soup version 0.22-a0-48-g8770677 (webtiles) character file.

49 gmonis the Cudgeler (level 3, 0/33 HPs)
             Began as a Minotaur Berserker on Jan 7, 2018.
             Was a Follower of Trog.
             Succumbed to an adder's poison
             ... on level 2 of the Dungeon.
             The game lasted 00:02:04 (1685 turns).

gmonis the Cudgeler (Minotaur Berserker)            Turns: 1685, Time: 00:02:04

Health: 0/33       AC:  8    Str: 22    XL:     3   Next: 51%
Magic:  2/2        EV:  8    Int:  4    God:    Trog [*.....]
Gold:   42         SH:  0    Dex:  9    Spells: 2/2 levels left

rFire    . . .     SeeInvis .   a - +0 mace
rCold    . . .     Gourm    .   (no shield)
rNeg     . . .     Faith    .   k - +0 chain mail
rPois    .         Spirit   .   (helmet restricted)
rElec    .         Reflect  .   (no cloak)
rCorr    .         Harm     .   (no gloves)
MR       .....                  (no boots)
Stlth    ..........             (no amulet)
HPRegen  0.11/turn              e - -5 ring of slaying (curse)
MPRegen  0.08/turn              (no ring)

@: lethally poisoned (0 -> -9)
A: retaliatory headbutt, horns 2
a: Berserk, Burn Spellbooks, Renounce Religion


You were on level 2 of the Dungeon.
You worshipped Trog.
Trog was aware of your devotion.
You were hungry.

You visited 1 branch of the dungeon, and saw 2 of its levels.

You collected 42 gold pieces.

Inventory:

Hand Weapons
 a - a +0 mace (weapon)
Missiles
 f - 61 stones (quivered)
Armour
 b - a +0 animal skin
 g - a +0 leather armour
 k - a +0 chain mail (worn)
Jewellery
 e - a cursed -5 ring of slaying (left hand)
Scrolls
 h - a scroll of enchant armour {unknown}
Potions
 d - a potion of berserk rage {unknown}
 i - a potion of curing {unknown}
Comestibles
 c - 3 rations


   Skills:
 - Level 3.9 Fighting
 + Level 5.2 Maces & Flails
 - Level 2.7 Armour
 - Level 2.2 Dodging


You had 2 spell levels left.
You didn't know any spells.

Dungeon Overview and Level Annotations

Branches:
Dungeon (2/15)

Altars:


Innate Abilities, Weirdness & Mutations

You reflexively headbutt those who attack you in melee.
You have a pair of horns on your head.


Message History

The adder barely misses you. You furiously retaliate!
You headbutt the adder. You miss the adder. Your headbutt misses the adder.
The adder is heavily wounded.
The adder closely misses you. The adder barely misses you.
You completely miss the adder. Your headbutt misses the adder.
The adder is heavily wounded.
* * * LOW HITPOINT WARNING * * *
You feel sick. The adder closely misses you. The adder bites you.
* * * LOW HITPOINT WARNING * * *
You are more poisoned.
The adder poisons you!
The adder bites you but does no damage. x2
You miss the adder. Your headbutt misses the adder.
The adder is heavily wounded.
* * * LOW HITPOINT WARNING * * *
You feel sick. The adder barely misses you. You furiously retaliate!
You headbutt the adder, but do no damage.
The adder bites you but does no damage.
You miss the adder. Your headbutt misses the adder.
The adder is heavily wounded.
You die...

.# #######.. #[.......
#......#
############......#
...#.....##......#
#########.#+###.##......#
......wwS@.......'......#
.......w#S..†##+##......#
.(......#....#..........#
........#....#........###
........#....'........#
........###+##........#
.....)..# #........#
......... #........#
###############'#####


You could see 3 worms and 2 adders.

Vanquished Creatures
  An adder (D:2)
  An ooze (D:1)
  A dart slug (D:1)
  3 leopard geckos (D:1)
  2 goblins
  7 hobgoblins
  3 jackals (D:1)
  5 kobolds
  4 bats (D:1)
  A rat (D:1)
28 creatures vanquished.

Notes
Turn   | Place    | Note
-------+----------+-------------------------------------------
     0 | D:1      | gmonis the Minotaur Berserker began the quest for the Orb.
     0 | D:1      | Reached XP level 1. HP: 19/19 MP: 0/0
   568 | D:1      | Reached XP level 2. HP: 27/27 MP: 1/1
   604 | D:1      | Reached skill level 4 in Maces & Flails
  1010 | D:1      | Reached XP level 3. HP: 31/33 MP: 2/2
  1555 | D:2      | Reached skill level 5 in Maces & Flails
  1684 | D:2      | HP: 1/33 [poisoned by an adder]
  1685 | D:2      | Succumbed to an adder's poison

Vault maps used:
D:1:      dpeg_arrival_pits

Skill      XL: |  1  2  3 |
---------------+----------+-----
Maces & Flails | 4 5 |  5.2
Fighting       | |  3.9
Armour         | |  2.7
Dodging        | |  2.2

Action                   || total
-------------------------++-------
Melee: Mace              ||   113
       Headbutt          ||     8
  Eat: Chunk             ||     2
Armor: Animal skin       ||    14
       Chain mail        ||    28
       Leather armour    ||     2
Dodge: Dodged            ||   105

Table legend:
 A = Spawn XP
 B = Non-spawn XP
 C = Spawn XP percentage of total XP
 D = Spawn monster count
 E = Non-spawn monster count
 F = Spawn count percentage of total count
 G = Total turns spent on level
                    A         B        C        D         E        F      G
               +---------+---------+-------+---------+---------+-------+---------
         Total |       0 |      70 |   0.0 |       0 |      28 |   0.0 |  1685
               +---------+---------+-------+---------+---------+-------+---------
           D:1 |       0 |      50 |   0.0 |       0 |      23 |   0.0 |  1468
           D:2 |       0 |      20 |   0.0 |       0 |       5 |   0.0 |   217
               +---------+---------+-------+---------+---------+-------+---------
